| TOP OF THE 1ST |
|
Pittsburgh Pirates batting - Pitching for Colorado Rockies : LHP Marquise Barretti
|
|
Pitching: LHP Marquise Barretti
|
|
|
Batting: SHB Marvin McAleer
|
0-0: Foul Ball, location: 2F 0-1: Ball 1-1: Called Strike 1-2: Foul Ball, location: 2F 1-2: Ball 2-2: Foul Ball, location: 2F 2-2: Foul Ball, location: 2F 2-2: Ground out 4-3 (Groundball, 4M, EV 85.6 MPH)
|
|
Batting: RHB Eisse Bravenboer
|
0-0: Ball 1-0: Swinging Strike 1-1: Ground out 5-3 (Groundball, 56S, EV 62.5 MPH)
|
|
Batting: RHB Steve Jordan
|
0-0: Swinging Strike 0-1: Foul Ball, location: 2F 0-2: SINGLE (Groundball, 6M, EV 107.5 MPH)
|
|
Batting: RHB Tommie Eaton
|
0-0: Ball 1-0: Called Strike 1-1: Ball 2-1: Swinging Strike 2-2: Foul Ball, location: 2F 2-2: Strikes out swinging
|
| Top of the 1st over - 0 runs, 1 hit, 0 errors, 1 left on base; Pittsburgh 0 - Colorado 0 |
| BOTTOM OF THE 1ST |
|
Colorado Rockies batting - Pitching for Pittsburgh Pirates : LHP Sam Richardson
|
|
Pitching: LHP Sam Richardson
|
|
|
Batting: RHB Joel Haycock
|
0-0: Swinging Strike 0-1: Swinging Strike 0-2: Strikes out looking
|
|
Batting: RHB Roberto Rodriguez
|
0-0: Called Strike 0-1: Foul Ball, location: 2F 0-2: Ground out 6-3 (Groundball, 56, EV 86.2 MPH)
|
|
Batting: RHB Chad Thompson
|
0-0: Called Strike 0-1: Ball 1-1: Ball 2-1: Called Strike 2-2: Ball 3-2: Ground out 3-1 (Groundball, 34, EV 103.8 MPH)
|
| Bottom of the 1st over - 0 runs, 0 hits, 0 errors, 0 left on base; Pittsburgh 0 - Colorado 0 |
| TOP OF THE 2ND |
|
Pittsburgh Pirates batting - Pitching for Colorado Rockies : LHP Marquise Barretti
|
|
Batting: LHB Theodore Conboy
|
0-0: DOUBLE (Flyball, 78XD, EV 104.4 MPH)
|
|
Batting: RHB Pedro Nin
|
0-0: Called Strike 0-1: Foul Ball, location: 2F 0-2: Ball 1-2: Strikes out swinging
|
|
Batting: RHB Mike Thornton
|
0-0: Called Strike 0-1: Foul Ball, location: 2F 0-2: Strikes out swinging
|
|
Batting: RHB Lupe Covarrubias
|
0-0: Ball 1-0: Ball 2-0: Ball 3-0: Called Strike 3-1: Foul Ball, location: 2F 3-2: Ground out 4-3 (Groundball, 6MS, EV 85.0 MPH)
|
| Top of the 2nd over - 0 runs, 1 hit, 0 errors, 1 left on base; Pittsburgh 0 - Colorado 0 |
| BOTTOM OF THE 2ND |
|
Colorado Rockies batting - Pitching for Pittsburgh Pirates : LHP Sam Richardson
|
|
Batting: RHB Jason Andrews
|
0-0: Called Strike 0-1: Ball 1-1: Ball 2-1: Called Strike 2-2: SINGLE (Line Drive, 78S, EV 94.4 MPH)
|
|
Batting: RHB Stephen Charbonneau
|
0-0: Called Strike 0-1: Grounds into double play, 6-4-3 (Groundball, 6, EV 83.8 MPH)
|
|
Batting: RHB Leo Mair
|
0-0: Called Strike 0-1: Ball 1-1: Foul Ball, location: 2F 1-2: SOLO HOME RUN (Flyball, 78XD, EV 102.5 MPH), Distance : 399 ft
|
|
Batting: RHB Rico Coss
|
0-0: Ball 1-0: Ball 2-0: Called Strike 2-1: Ball 3-1: DOUBLE (Line Drive, 9LS, EV 106.2 MPH)
|
|
Batting: LHB Fabiano Perrolas
|
0-0: Called Strike 0-1: Ball 1-1: Called Strike 1-2: Foul Ball, location: 2F 1-2: Ball 2-2: Strikes out looking
|
| Bottom of the 2nd over - 1 run, 3 hits, 0 errors, 1 left on base; Pittsburgh 0 - Colorado 1 |
| TOP OF THE 3RD |
|
Pittsburgh Pirates batting - Pitching for Colorado Rockies : LHP Marquise Barretti
|
|
Batting: RHB Kirk Seiffert
|
0-0: TRIPLE (Line Drive, 89XD, EV 105.0 MPH)
|
|
Batting: SHB Marvin McAleer
|
0-0: Foul Ball, location: 2F 0-1: Ball 1-1: Ball 2-1: Ball 3-1: Foul Ball, location: 2F 3-2: Base on Balls
|
|
Batting: RHB Eisse Bravenboer
|
0-0: Foul Ball, location: 2F 0-1: 3-RUN HOME RUN (Flyball, 9LD, EV 96.9 MPH), Distance : 358 ft
|
|
Batting: RHB Steve Jordan
|
0-0: Called Strike 0-1: Ball 1-1: Ball 2-1: Ground out 5-3 (Groundball, 56, EV 88.1 MPH)
|
|
Batting: RHB Tommie Eaton
|
0-0: Ball 1-0: DOUBLE (Line Drive, 9LS, EV 97.5 MPH)
|
|
Batting: LHB Theodore Conboy
|
0-0: Called Strike 0-1: Ball 1-1: Swinging Strike 1-2: Ball 2-2: Fly out, F4 (Flyball, 34D, EV 96.2 MPH)
|
|
Batting: RHB Pedro Nin
|
0-0: Foul Ball, location: 2F 0-1: Called Strike 0-2: Strikes out swinging
|
| Top of the 3rd over - 3 runs, 3 hits, 0 errors, 1 left on base; Pittsburgh 3 - Colorado 1 |
| BOTTOM OF THE 3RD |
|
Colorado Rockies batting - Pitching for Pittsburgh Pirates : LHP Sam Richardson
|
|
Batting: LHB Robert Watson
|
0-0: TRIPLE (Flyball, 78XD, EV 102.5 MPH)
|
|
Batting: RHB Joel Haycock
|
0-0: Ball 1-0: Ball 2-0: Ground out 6-3 (Groundball, 6, EV 96.2 MPH) Robert Watson scores
|
|
Batting: RHB Roberto Rodriguez
|
0-0: Ball 1-0: SOLO HOME RUN (Flyball, 7LD, EV 99.4 MPH), Distance : 369 ft
|
|
Batting: RHB Chad Thompson
|
0-0: Called Strike 0-1: Swinging Strike 0-2: Ball 1-2: Ground out 6-3 (Groundball, 56, EV 97.5 MPH)
|
|
Batting: RHB Jason Andrews
|
0-0: Called Strike 0-1: Ball 1-1: Ball 2-1: Ball 3-1: Called Strike 3-2: Base on Balls
|
|
Batting: RHB Stephen Charbonneau
|
0-0: Ball 1-0: Fly out, F9 (Flyball, 9, EV 85.6 MPH)
|
| Bottom of the 3rd over - 2 runs, 2 hits, 0 errors, 1 left on base; Pittsburgh 3 - Colorado 3 |
| TOP OF THE 4TH |
|
Pittsburgh Pirates batting - Pitching for Colorado Rockies : LHP Marquise Barretti
|
|
Batting: RHB Mike Thornton
|
0-0: Foul Ball, location: 2F 0-1: Ball 1-1: Swinging Strike 1-2: Ball 2-2: Strikes out swinging
|
|
Batting: RHB Lupe Covarrubias
|
0-0: Called Strike 0-1: Swinging Strike 0-2: Ball 1-2: Strikes out swinging
|
|
Batting: RHB Kirk Seiffert
|
0-0: Ball 1-0: SINGLE (Groundball, 25, EV 71.2 MPH) (infield hit)
|
|
Batting: SHB Marvin McAleer
|
0-0: Called Strike 0-1: Swinging Strike 0-2: Ball 1-2: Fly out, F7 (Flyball, 7LM, EV 93.8 MPH)
|
| Top of the 4th over - 0 runs, 1 hit, 0 errors, 1 left on base; Pittsburgh 3 - Colorado 3 |
| BOTTOM OF THE 4TH |
|
Colorado Rockies batting - Pitching for Pittsburgh Pirates : LHP Sam Richardson
|
|
Batting: RHB Leo Mair
|
0-0: Fly out, F4 (Popup, 34, EV 67.5 MPH)
|
|
Batting: RHB Rico Coss
|
0-0: Foul Ball, location: 2F 0-1: Swinging Strike 0-2: Foul Ball, location: 2F 0-2: Strikes out looking
|
|
Batting: LHB Fabiano Perrolas
|
0-0: Ball 1-0: Fly out, F7 (Line Drive, 7, EV 95.0 MPH)
|
| Bottom of the 4th over - 0 runs, 0 hits, 0 errors, 0 left on base; Pittsburgh 3 - Colorado 3 |
| TOP OF THE 5TH |
|
Pittsburgh Pirates batting - Pitching for Colorado Rockies : LHP Marquise Barretti
|
|
Pitching: RHP Oscar Munoz
|
|
|
Batting: RHB Eisse Bravenboer
|
0-0: Ball 1-0: Ball 2-0: SINGLE (Line Drive, 89M, EV 98.1 MPH)
|
|
Batting: RHB Steve Jordan
|
0-0: Ball Eisse Bravenboer is caught stealing 2nd base 2-4 1-0: Ball 2-0: Called Strike 2-1: SINGLE (Flyball, 9S, EV 91.2 MPH)
|
|
Batting: RHB Tommie Eaton
|
0-0: Ball 1-0: Ball 2-0: Foul Ball, location: 2F 2-1: Ball 3-1: Called Strike 3-2: Foul Ball, location: 2F 3-2: Strikes out looking
|
|
Batting: LHB Theodore Conboy
|
0-0: Called Strike 0-1: Ball 1-1: Called Strike 1-2: Strikes out swinging
|
| Top of the 5th over - 0 runs, 2 hits, 0 errors, 1 left on base; Pittsburgh 3 - Colorado 3 |
| BOTTOM OF THE 5TH |
|
Colorado Rockies batting - Pitching for Pittsburgh Pirates : LHP Sam Richardson
|
|
Batting: LHB Robert Watson
|
0-0: Swinging Strike 0-1: Foul Ball, location: 2F 0-2: Ball 1-2: Strikes out looking
|
|
Batting: RHB Joel Haycock
|
0-0: Ball 1-0: Called Strike 1-1: Called Strike 1-2: Strikes out swinging
|
|
Batting: RHB Roberto Rodriguez
|
0-0: Called Strike 0-1: Foul Ball, location: 2F 0-2: Ball 1-2: Foul Ball, location: 2F 1-2: Strikes out swinging
|
| Bottom of the 5th over - 0 runs, 0 hits, 0 errors, 0 left on base; Pittsburgh 3 - Colorado 3 |
| TOP OF THE 6TH |
|
Pittsburgh Pirates batting - Pitching for Colorado Rockies : RHP Oscar Munoz
|
|
Batting: RHB Pedro Nin
|
0-0: Ball 1-0: Fly out, F7 (Flyball, 78M, EV 91.2 MPH)
|
|
Batting: RHB Mike Thornton
|
0-0: Called Strike 0-1: Fly out, F7 (Flyball, 78M, EV 86.2 MPH)
|
|
Batting: RHB Lupe Covarrubias
|
0-0: Called Strike 0-1: Swinging Strike 0-2: Ball 1-2: Ball 2-2: Strikes out looking
|
| Top of the 6th over - 0 runs, 0 hits, 0 errors, 0 left on base; Pittsburgh 3 - Colorado 3 |
| BOTTOM OF THE 6TH |
|
Colorado Rockies batting - Pitching for Pittsburgh Pirates : LHP Sam Richardson
|
|
Batting: RHB Chad Thompson
|
0-0: Called Strike 0-1: Called Strike 0-2: DOUBLE (Flyball, 8RXD, EV 106.9 MPH)
|
|
Batting: RHB Jason Andrews
|
0-0: Called Strike 0-1: Ball 1-1: Swinging Strike 1-2: Strikes out looking
|
|
Batting: RHB Stephen Charbonneau
|
0-0: Swinging Strike 0-1: Ball 1-1: Ball 2-1: Ground out 5-3 (Groundball, 56, EV 88.1 MPH)
|
|
Batting: RHB Leo Mair
|
0-0: Foul Ball, location: 2F 0-1: Ball 1-1: Ball 2-1: Ground out 4-3 (Groundball, 4, EV 86.2 MPH)
|
| Bottom of the 6th over - 0 runs, 1 hit, 0 errors, 1 left on base; Pittsburgh 3 - Colorado 3 |
| TOP OF THE 7TH |
|
Pittsburgh Pirates batting - Pitching for Colorado Rockies : RHP Oscar Munoz
|
|
Pitching: RHP Jaden Mackey
|
|
|
Batting: RHB Kirk Seiffert
|
0-0: Ball 1-0: SINGLE (Flyball, 78S, EV 87.5 MPH)
|
|
Batting: SHB Marvin McAleer
|
0-0: Ball 1-0: Sac Bunt to 13 - play at first, batter safe! Kirk Seiffert to second
|
|
Batting: RHB Eisse Bravenboer
|
0-0: Ball 1-0: Bunt - Flyout to 2R! F2
|
|
Batting: RHB Steve Jordan
|
0-0: Called Strike 0-1: Foul Ball, location: 2F 0-2: Strikes out looking
|
|
Batting: RHB Tommie Eaton
|
0-0: SINGLE (Line Drive, 89M, EV 88.1 MPH) Kirk Seiffert to third Marvin McAleer to second Runner from 3rd tries for Home, throw by CF and OUT! 8-2
|
| Top of the 7th over - 0 runs, 3 hits, 0 errors, 2 left on base; Pittsburgh 3 - Colorado 3 |
| BOTTOM OF THE 7TH |
|
Colorado Rockies batting - Pitching for Pittsburgh Pirates : LHP Sam Richardson
|
|
Batting: RHB Rico Coss
|
0-0: Called Strike 0-1: Foul Ball, location: 2F 0-2: Ball 1-2: Foul Ball, location: 2F 1-2: Strikes out looking
|
|
Batting: LHB Fabiano Perrolas
|
0-0: Called Strike 0-1: Ball 1-1: Ball 2-1: SINGLE (Flyball, 56D, EV 95.0 MPH)
|
|
Batting: LHB Robert Watson
|
0-0: Called Strike 0-1: Foul Ball, location: 2F 0-2: Strikes out swinging Fabiano Perrolas steals 2nd, throwing error, E2 Fabiano Perrolas to third
|
|
Batting: RHB Joel Haycock
|
0-0: Ball 1-0: Called Strike 1-1: Ball 2-1: Foul Ball, location: 2F 2-2: Foul Ball, location: 2F 2-2: Ball 3-2: Foul Ball, location: 2F 3-2: Base on Balls
|
|
Batting: RHB Roberto Rodriguez
|
0-0: Ball 1-0: Foul Ball, location: 2F 1-1: Ball 2-1: Fly out, F8 (Flyball, 8RM, EV 79.4 MPH)
|
| Bottom of the 7th over - 0 runs, 1 hit, 1 error, 2 left on base; Pittsburgh 3 - Colorado 3 |
| TOP OF THE 8TH |
|
Pittsburgh Pirates batting - Pitching for Colorado Rockies : RHP Jaden Mackey
|
|
Pitching: LHP Dave Burridge
|
|
|
Pinch Hitting: RHB Raul Mendoza
|
0-0: Ball 1-0: Called Strike 1-1: Fly out, F9 (Flyball, 89D, EV 91.9 MPH)
|
|
Pitching: RHP Mike Mik
|
|
|
Batting: RHB Pedro Nin
|
0-0: Fly out, F4 (Flyball, 34D, EV 79.4 MPH)
|
|
Batting: RHB Mike Thornton
|
0-0: Foul Ball, location: 2F 0-1: Foul Ball, location: 2F 0-2: DOUBLE (Flyball, 89D, EV 105.0 MPH)
|
|
Batting: RHB Lupe Covarrubias
|
0-0: Ground out 6-3 (Groundball, 6, EV 85.0 MPH)
|
| Top of the 8th over - 0 runs, 1 hit, 0 errors, 1 left on base; Pittsburgh 3 - Colorado 3 |
| BOTTOM OF THE 8TH |
|
Colorado Rockies batting - Pitching for Pittsburgh Pirates : LHP Sam Richardson
|
|
Pitching: LHP Tim Wichman
|
|
|
Now in LF: Raul Mendoza
|
|
|
Batting: RHB Chad Thompson
|
0-0: Ball 1-0: Fly out, F8 (Flyball, 8RD, EV 88.8 MPH)
|
|
Batting: RHB Jason Andrews
|
0-0: Ball 1-0: Ball 2-0: Ball 3-0: Base on Balls
|
|
Batting: RHB Stephen Charbonneau
|
0-0: Ball 1-0: Ball 2-0: Foul Ball, location: 2F 2-1: Ball 3-1: Fly out, F9 (Flyball, 9D, EV 87.5 MPH)
|
|
Batting: RHB Leo Mair
|
0-0: Ball 1-0: Foul Ball, location: 2F 1-1: Swinging Strike 1-2: Foul Ball, location: 2F 1-2: Ball Jason Andrews steals 2nd base 2-2: Foul Ball, location: 2F 2-2: Fly out, F9 (Flyball, 89M, EV 95.0 MPH)
|
| Bottom of the 8th over - 0 runs, 0 hits, 0 errors, 1 left on base; Pittsburgh 3 - Colorado 3 |
| TOP OF THE 9TH |
|
Pittsburgh Pirates batting - Pitching for Colorado Rockies : RHP Mike Mik
|
|
Pinch Hitting: LHB Marc Carter
|
0-0: Ball 1-0: Ball 2-0: Called Strike 2-1: Swinging Strike 2-2: Fly out, F8 (Flyball, 8RXD, EV 93.8 MPH)
|
|
Batting: SHB Marvin McAleer
|
0-0: Ball 1-0: Ground out 5-3 (Groundball, 5S, EV 81.9 MPH)
|
|
Batting: RHB Eisse Bravenboer
|
0-0: Foul Ball, location: 2F 0-1: Called Strike 0-2: Ball 1-2: Fly out, F4 (Popup, 4M, EV 70.0 MPH)
|
| Top of the 9th over - 0 runs, 0 hits, 0 errors, 0 left on base; Pittsburgh 3 - Colorado 3 |
| BOTTOM OF THE 9TH |
|
Colorado Rockies batting - Pitching for Pittsburgh Pirates : LHP Tim Wichman
|
|
Now at 3B: Mike Bates
|
|
|
Now at SS: Tommie Eaton
|
|
|
Batting: RHB Rico Coss
|
0-0: Ground out 6-3 (Groundball, 6, EV 92.5 MPH)
|
|
Pinch Hitting: RHB Sterling Acosta
|
0-0: Called Strike 0-1: Ball 1-1: Foul Ball, location: 2F 1-2: Ball 2-2: Foul Ball, location: 2F 2-2: Fly out, F9 (Flyball, 9, EV 81.9 MPH)
|
|
Batting: LHB Robert Watson
|
0-0: Fly out, F8 (Flyball, 89D, EV 100.0 MPH)
|
| Bottom of the 9th over - 0 runs, 0 hits, 0 errors, 0 left on base; Pittsburgh 3 - Colorado 3 |
| TOP OF THE 10TH |
|
Pittsburgh Pirates batting - Pitching for Colorado Rockies : RHP Mike Mik
|
|
Pitching: LHP Ryan Fulford
|
|
|
Now at C: Chris Locklear
|
|
|
Batting: RHB Steve Jordan
|
0-0: Ball 1-0: Ball 2-0: Ball 3-0: Base on Balls
|
|
Batting: RHB Tommie Eaton
|
0-0: Ball 1-0: Swinging Strike 1-1: Ball 2-1: Called Strike 2-2: Strikes out looking
|
|
Batting: RHB Raul Mendoza
|
0-0: Ball 1-0: Called Strike Steve Jordan steals 2nd base 1-1: Fly out, F7 (Line Drive, 7, EV 100.0 MPH)
|
|
Batting: RHB Pedro Nin
|
0-0: Called Strike 0-1: Swinging Strike 0-2: Strikes out swinging
|
| Top of the 10th over - 0 runs, 0 hits, 0 errors, 1 left on base; Pittsburgh 3 - Colorado 3 |
| BOTTOM OF THE 10TH |
|
Colorado Rockies batting - Pitching for Pittsburgh Pirates : LHP Tim Wichman
|
|
Pitching: RHP Steve Grier
|
|
|
Batting: RHB Joel Haycock
|
0-0: Ball 1-0: Ball 2-0: Ball 3-0: Called Strike 3-1: Ground out 6-3 (Groundball, 6M, EV 80.6 MPH)
|
|
Batting: RHB Roberto Rodriguez
|
0-0: Ball 1-0: Ball 2-0: Called Strike 2-1: TRIPLE (Flyball, 78XD, EV 99.4 MPH)
|
|
Batting: RHB Chad Thompson
|
0-0: Swinging Strike 0-1: Called Strike 0-2: Strikes out swinging
|
|
Batting: RHB Jason Andrews
|
0-0: Intentional Walk
|
|
Batting: RHB Stephen Charbonneau
|
0-0: Ball 1-0: Swinging Strike 1-1: Ball 2-1: Swinging Strike 2-2: Foul Ball, location: 2F 2-2: Strikes out swinging
|
| Bottom of the 10th over - 0 runs, 1 hit, 0 errors, 2 left on base; Pittsburgh 3 - Colorado 3 |
| TOP OF THE 11TH |
|
Pittsburgh Pirates batting - Pitching for Colorado Rockies : LHP Ryan Fulford
|
|
Pitching: RHP Victor Walshe
|
|
|
Batting: RHB Mike Thornton
|
0-0: Foul Ball, location: 2F 0-1: Ball 1-1: Ball 2-1: Called Strike 2-2: Fly out, F7 (Flyball, 7, EV 81.9 MPH)
|
|
Batting: RHB Lupe Covarrubias
|
0-0: Ball 1-0: Called Strike 1-1: Called Strike 1-2: Ball 2-2: Strikes out swinging
|
|
Batting: RHB Mike Bates
|
0-0: Foul Ball, location: 2F 0-1: Ball 1-1: Ball 2-1: Ground out 5-3 (Groundball, 56S, EV 72.5 MPH)
|
| Top of the 11th over - 0 runs, 0 hits, 0 errors, 0 left on base; Pittsburgh 3 - Colorado 3 |
| BOTTOM OF THE 11TH |
|
Colorado Rockies batting - Pitching for Pittsburgh Pirates : RHP Steve Grier
|
|
Batting: RHB Leo Mair
|
0-0: Ground out 6-3 (Groundball, 56, EV 90.6 MPH)
|
|
Batting: RHB Rico Coss
|
0-0: Ball 1-0: Ball 2-0: Ball 3-0: Base on Balls
|
|
Batting: LHB Chris Locklear
|
0-0: Ball 1-0: Swinging Strike 1-1: Ball 2-1: SINGLE (Groundball, 56, EV 100.0 MPH) Rico Coss to second
|
|
Batting: LHB Robert Watson
|
0-0: Ball 1-0: Fly out, F3 (Line Drive, 3, EV 74.4 MPH)
|
|
Batting: RHB Joel Haycock
|
0-0: Ball 1-0: SINGLE (Line Drive, 8RM, EV 103.1 MPH) Rico Coss to third Chris Locklear to second Runner from 3rd tries for Home, SAFE, throw by CF to home
|
| Bottom of the 11th over - 1 run, 2 hits, 0 errors, 0 left on base; Pittsburgh 3 - Colorado 4 |
| |
|
Game Over ... Colorado defeats Pittsburgh, 4 to 3
|
|
|